 Dungeon Crawl Stone Soup version 0.31.0-32-g396128a36d (webtiles) character file.

Game seed: 7292031750514542271

7837 AdnanSaban the Basher (level 11, -13/67 HPs)
             Began as a Gargoyle Fighter on Apr 17, 2024.
             Was a Priest of Okawaru.
             Mangled by a skeletal warrior
             ... wielding a +0 battleaxe
              (15 damage)
             ... on level 11 of the Dungeon.
             The game lasted 00:10:29 (7458 turns).

AdnanSaban the Basher (Gargoyle Fighter)            Turns: 7458, Time: 00:10:30

Health: -13/67     AC: 31    Str: 25    XL:     11   Next: 21%
Magic:  13/14      EV:  9    Int:  8    God:    Okawaru [***...]
Gold:   452        SH: 12    Dex:  9    Spells: 10/10 levels left

rFire   . . .        P - +0 demon whip (venom)
rCold   . . .        a - +0 kite shield
rNeg    + . .        g - +0 plate armour
rPois   ∞            s - +0 helmet
rElec   +            (no cloak)
rCorr   .            j - +0 pair of gloves
SInv    +            (no boots)
Will    .....        K - amulet of regeneration
Stlth   x              - +4 ring of protection
HPRegen 1.11/turn    N - ring of see invisible
MPRegen 0.14/turn

%: no passive effects
@: heroic
A: sickness immunity, AC +8, negative energy resistance 1, electricity
resistance, torment resistance 1, petrification resistance
a: Renounce Religion, Heroism


You were on level 11 of the Dungeon.
You worshipped Okawaru.
Okawaru was most pleased with you.
You visited 2 branches of the dungeon, and saw 11 of its levels.

You collected 452 gold pieces.

Inventory:

Hand Weapons
 P - a +0 demon whip of venom (weapon)
Missiles
 n - 6 atropa-tipped darts
 z - 6 boomerangs (quivered)
 A - 6 datura-tipped darts
 H - 3 javelins
 M - 4 poisoned darts
Armour
 a - a +0 kite shield (worn)
 g - a +0 plate armour (worn)
 j - a +0 pair of gloves (worn)
 s - a +0 helmet (worn)
Jewellery
 x - a +4 ring of protection (left hand)
 K - an amulet of regeneration (around neck)
 N - a ring of see invisible (right hand)
Wands
 F - a wand of iceblast (15)
 J - a wand of mindburst (13)
Scrolls
 b - 2 scrolls of enchant weapon {unknown}
 f - a scroll of noise {unknown}
 i - 5 scrolls of teleportation {unknown}
 l - 2 scrolls of brand weapon {unknown}
 m - a scroll of fear {unknown}
 r - 5 scrolls of silence {unknown}
 t - a scroll of fog {unknown}
 u - 8 scrolls of identify {unknown}
 w - 4 scrolls of enchant armour {unknown}
 y - 2 scrolls of poison {unknown}
 D - 2 scrolls of revelation {unknown}
 E - a scroll of blinking {unknown}
 G - 2 scrolls of vulnerability {unknown}
 I - a scroll of immolation {unknown}
 L - a scroll of amnesia {unknown}
Potions
 c - a potion of experience {unknown}
 d - 2 potions of might
 e - 4 potions of enlightenment {unknown}
 h - a potion of ambrosia {unknown}
 k - a potion of invisibility {unknown}
 o - 2 potions of degeneration {unknown}
 p - 2 potions of resistance {unknown}
 q - 2 potions of haste {unknown}
 B - a potion of heal wounds {unknown}
 C - a potion of lignification {unknown}
 O - 3 potions of curing {unknown}


   Skills:
 + Level 7.4(12.4) Fighting
 + Level 10.7(15.7) Maces & Flails
 + Level 1.0(6.0) Throwing
 + Level 8.7(13.7) Armour
 + Level 1.9(6.9) Dodging
 + Level 1.1(6.1) Stealth
 + Level 9.5(14.5) Shields
 * Level 4.1 Invocations


You had 10 spell levels left.
You didn't know any spells.
Your spell library contained the following spells:

 Spells                   Type           Power      Damage    Failure   Level
 Apportation              Tloc           0%         N/A       99%         1
 Jinxbite                 Hex            0%         N/A       100%        2
 Cause Fear               Hex            0%         N/A       100%        4
 Vhi's Electric Charge    Tloc/Air       0%         N/A       100%        4
 Alistair's Intoxication  Alch           0%         N/A       100%        5
 Arcjolt                  Conj/Air       0%         1d10      100%        5
 Fireball                 Conj/Fire      0%         3d3       100%        5
 Iskenderun's Battlesphe  Conj           0%         2d6       100%        5
 Bombard                  Conj/Erth      0%         9d1       100%        6
 Orb of Destruction       Conj           0%         9d5       100%        7
 Maxwell's Capacitive Co  Air            0%         ∞         100%        8
 Summon Blazeheart Golem  Fire/Summ      Unusable   N/A       N/A         4
 Spellforged Servitor     Conj/Summ      Unusable   N/A       N/A         7
 Dragon's Call            Summ           Unusable   N/A       N/A         9

Dungeon Overview and Level Annotations

Branches:
Dungeon (9/15)             Temple (1/1) D:7            Lair (0/5) D:8
    Orc: D:9-12

Altars:
Ashenzari
Cheibriados
Dithmenos
Elyvilon
Fedhas
Gozag
Hepliaklqana
Kikubaaqudgha
Makhleb
Nemelex Xobeh
Okawaru
Qazlal
Sif Muna
Trog
Uskayaw
Wu Jian
Xom
Yredelemnul
Zin
The Shining One

Annotations:
D:6 3 runed translucent doors, riffraff's ghost, novice OpSh
D:7 2 transporters, Peloso's ghost, amateur MiFi
D:9 2 runed translucent doors


Innate Abilities, Weirdness & Mutations

You are immune to sickness and miasma.
Your stone body is resilient. (AC +8)
You are immune to poison.
You resist negative energy. (rN+)
You are resistant to electric shocks. (rElec)
You are resistant to unholy torment.
You are immune to petrification.


Message History

You close the door.
Something unseen breaks down the door.
You throw a boomerang.
The boomerang barely misses the skeletal warrior.
The boomerang hits the skeletal warrior.
The skeletal warrior is lightly damaged.
You gain the combat prowess of a mighty hero.
You can no longer speed up your combat.
The skeletal warrior hits you from afar with a +0 glaive!
The skeletal warrior hits you with a +0 glaive.
You hit the skeletal warrior but do no damage.
You barely miss the skeletal warrior.
You hit the skeletal warrior but do no damage.
The skeletal warrior is lightly damaged.
You barely miss the skeletal warrior.
The skeletal warrior is lightly damaged.
You block the skeletal warrior's attack.
You hit the skeletal warrior but do no damage.
The skeletal warrior is lightly damaged.
The skeletal warrior hits you but does no damage.
The skeletal warrior hits you with a +0 battleaxe!
You hit the skeletal warrior.
The skeletal warrior is lightly damaged.
You whack the skeletal warrior!
The skeletal warrior is moderately damaged.
The skeletal warrior hits you but does no damage.
You block the skeletal warrior's attack.
You closely miss the skeletal warrior.
The skeletal warrior is moderately damaged.
You whack the skeletal warrior!
The skeletal warrior is heavily damaged.
The skeletal warrior hits you with a +0 battleaxe!!
The skeletal warrior hits you from afar with a +0 glaive!!
* * * LOW HITPOINT WARNING * * *
You hit the skeletal warrior.
The skeletal warrior is heavily damaged.
You whack the skeletal warrior!
The skeletal warrior is severely damaged.
The skeletal warrior hits you with a +0 battleaxe!
You die...

#.#.# #################.. #.#.#
#.................. #.#.#
#.###############..
#.#.########.####### ######..
#.#.##.............. ........
####.#.##.#####.###############..
........#........................
####.####......##################
####............@zzz.............
........#.#############...#######
........>.# #...# .........##
#z..# ########.# #...# #.#
##...### #.# #......# #.#
#...z..# #.. #......#


You could see 3 skeletal warriors.

Vanquished Creatures
  Gastronok (D:9)
  A boulder beetle (D:11)
  Amaemon (D:9)
  A skeletal warrior (D:11)
  An orange demon (D:9)
  Psyche (D:8)
  A troll (D:9)
  Sigmund (D:2)
  A shadow (D:11)
  A wyvern (D:7)
  4 vampire mosquitoes (D:11)
  2 acid dragons
  2 sky beasts (D:8)
  3 ice beasts
  An ogre (D:6)
  2 orc warriors
  A black bear (D:8)
  2 centaurs
  2 phantoms (D:6)
  3 bullfrogs
  A gnoll sergeant (D:6)
  2 scorpions
  8 killer bees
  2 bombardier beetles
  2 howler monkeys
  A jelly (D:5)
  3 orc priests
  3 hounds
  A gnoll bouda (D:7)
  2 sleepcaps
  15 orc wizards
  8 gnolls
  7 adders
  3 ribbon worms
  2 dart slugs (D:1)
  42 orcs
  6 bats
  5 endoplasms
  A giant cockroach (D:4)
  11 goblins
  6 hobgoblins
  8 kobolds
  4 quokkas
  6 ball pythons
  2 frilled lizards (D:3)
  7 rats
190 creatures vanquished.

Vanquished Creatures (others)
  Maurice (D:8)
1 creature vanquished.

Grand Total: 191 creatures vanquished

Notes
Turn   | Place    | Note
-------+----------+-------------------------------------------
     0 | D:1      | AdnanSaban the Gargoyle Fighter began the quest for the
                  | Orb.
     0 | D:1      | Reached XP level 1. HP: 14/14 MP: 1/1
    68 | D:1      | Reached XP level 2. HP: 14/19 MP: 2/2
   380 | D:1      | Reached XP level 3. HP: 21/23 MP: 3/3
   911 | D:2      | Found a faded altar of an unknown god.
  1156 | D:2      | Noticed Sigmund
  1171 | D:2      | Killed Sigmund
  1172 | D:2      | Reached skill level 4 in Maces & Flails
  1172 | D:2      | Reached XP level 4. HP: 29/29 MP: 4/4
  1172 | D:2      | Reached XP level 5. HP: 33/33 MP: 5/5
  1689 | D:3      | Reached XP level 6. HP: 38/38 MP: 6/6
  2132 | D:4      | Identified the +6 mace of Ragnarok {freeze, Int+3}
  2546 | D:4      | Found a broken altar of Ashenzari.
  2625 | D:4      | Reached XP level 7. HP: 41/44 MP: 7/7
  2657 | D:4      | Reached skill level 5 in Maces & Flails
  2751 | D:4      | Reached skill level 5 in Armour
  3150 | D:5      | Entered Level 5 of the Dungeon
  3382 | D:5      | Reached skill level 5 in Fighting
  3397 | D:5      | Reached skill level 6 in Maces & Flails
  3450 | D:5      | Reached skill level 5 in Shields
  3450 | D:5      | Reached XP level 8. HP: 47/49 MP: 8/8
  4305 | D:6      | Found a runed translucent gate.
  4305 | D:6      | Found a runed translucent gate.
  4305 | D:6      | Found a runed translucent gate.
  4310 | D:6      | Noticed riffraff's ghost (novice OpSh)
  4611 | D:6      | Reached skill level 7 in Maces & Flails
  4611 | D:6      | Reached skill level 1 in Dodging
  5274 | D:7      | Reached XP level 9. HP: 53/55 MP: 9/9
  5284 | D:7      | Found a transporter.
  5501 | D:7      | Noticed Peloso's ghost (amateur MiFi)
  5517 | D:7      | Noticed a two-headed ogre
  5770 | D:7      | Found a transporter.
  5844 | D:7      | Found a staircase to the Ecumenical Temple.
  5863 | D:7      | Reached skill level 8 in Maces & Flails
  5905 | Temple   | Entered the Ecumenical Temple
  5922 | Temple   | Became a worshipper of Warmaster Okawaru
  6231 | D:8      | Found a staircase to the Lair.
  6315 | D:8      | Reached * piety under Okawaru
  6426 | D:8      | Noticed Maurice
  6432 | D:8      | Maurice stole 6 boomerangs
  6437 | D:8      | Killed Maurice
  6438 | D:8      | Reached skill level 9 in Maces & Flails
  6438 | D:8      | Reached skill level 1 in Throwing
  6438 | D:8      | Reached XP level 10. HP: 59/61 MP: 6/10
  6625 | D:8      | Noticed Psyche
  6671 | D:8      | Killed Psyche
  6837 | D:9      | Found a runed translucent door.
  6839 | D:9      | Found a runed translucent door.
  6849 | D:9      | Noticed Amaemon
  6849 | D:9      | Noticed an orange demon
  6868 | D:9      | Killed Amaemon
  6869 | D:9      | Reached skill level 1 in Stealth
  6869 | D:9      | Reached skill level 1 in Invocations
  6876 | D:9      | Killed an orange demon
  6943 | D:9      | Noticed Gastronok
  6978 | D:9      | Killed Gastronok
  6978 | D:9      | Reached ** piety under Okawaru
  6979 | D:9      | Reached skill level 10 in Maces & Flails
  7056 | D:9      | You fall into a shaft and drop 2 floors!
  7057 | D:11     | Noticed a boulder beetle
  7069 | D:11     | Killed a boulder beetle
  7069 | D:11     | Reached *** piety under Okawaru
  7070 | D:11     | Reached XP level 11. HP: 26/67 MP: 13/13
  7115 | D:11     | Noticed a skeletal warrior
  7138 | D:11     | Killed a skeletal warrior
  7225 | D:11     | Reached **** piety under Okawaru
  7407 | D:11     | Noticed a skeletal warrior
  7407 | D:11     | Noticed a skeletal warrior
  7407 | D:11     | Noticed a skeletal warrior
  7456 | D:11     | HP: 1/67 [skeletal warrior/+0 glaive (21)]
  7458 | D:11     | Mangled by a skeletal warrior

Illustrated notes

Levels and vault maps discovered:
D:1:      saegor_arrival_simple_a, layout_rooms, st_stairs_9
D:2:      layout_basic, basic_ecumenical_altar, nicolae_hexahallways,
          minmay_heptomino_o4, uniq_sigmund
D:3:      layout_loops_cross
D:4:      layout_loops_corners, cheibrodos_ashenzari_chains
D:5:      layout_cave_pods
D:6:      layout_basic, ebering_ghost_rock_garden, dreamdust_princess_corridor,
          minmay_tree_intersection, kennysheep_generic_room_10
D:7:      layout_basic, minmay_temple_entry_offerings, nzn_ghost_randoct,
          minivault_27
D:8:      layout_loops_ring, lair_entry_dummy, uniq_maurice, uniq_psyche
D:9:      lemuel_insect_pit, layout_stronghold,
          nicolae_ru_great_annihilating_truth, uniq_gastronok, uniq_amaemon,
          uniq_harold
D:11:     layout_basic
Temple:   nicolae_temple_bog_church

Skill      XL: |  1  2  3  4  5  6  7  8  9 10 11 |
---------------+----------------------------------+-----
Fighting       | 4 5 6 7 |  7.4
Maces & Flails | 4 6 7 9 10 | 10.7
Armour         | 4 5 6 7 8 |  8.7
Shields        | 4 5 6 8 9 |  9.5
Dodging        | 1 |  1.9
Throwing       | 1 |  1.0
Stealth        | 1 |  1.1
Invocations    | 3 4 |  4.1

Action                     |  1- 3 |  4- 6 |  7- 9 | 10-12 || total
---------------------------+-------+-------+-------+-------++-------
  Melee: Flail             |   105 |       |       |       ||   105
         Whip              |    12 |    51 |       |       ||    63
         Mace              |       |    45 |   341 |    40 ||   426
         Demon whip        |       |       |       |   112 ||   112
  Throw: Boomerang         |       |       |     3 |     1 ||     4
         Dart              |       |       |     4 |       ||     4
 Invoke: Heroism           |       |       |       |     1 ||     1
 Armour: Scale mail        |    33 |       |       |       ||    33
         Plate armour      |    51 |    60 |   321 |   135 ||   567
         Skin              |       |       |       |     6 ||     6
  Dodge: Dodged            |    48 |    23 |   103 |    47 ||   221
  Block: Buckler           |    30 |       |       |       ||    30
         Kite shield       |     5 |    38 |   204 |    68 ||   315
